 Dungeon Crawl Stone Soup version 0.27-a0-385-g3208abaabc (webtiles) character file.

Game seed: 10908022573968716478

11021 dickylongcocking the Spear-Bearer (level 11, -11/90 HPs)
             Began as a Merfolk Gladiator on Feb 19, 2021.
             Was an Elder of Fedhas.
             Killed from afar by a wretched star (25 damage)
             ... with a lance of force
             ... on level 1 of the Abyss.
             The game lasted 00:13:50 (12433 turns).

dickylongcocking the Spear-Bearer (MfGl)           Turns: 12433, Time: 00:13:51

Health: -11/90     AC:  8    Str: 17    XL:     11   Next: 71%
Magic:  17/17      EV: 14    Int: 10    God:    Fedhas [****..]
Gold:   558        SH:  6    Dex: 19    Spells: 10/10 levels left

rFire    . . .     SeeInvis .   I - +3 trident (venom)
rCold    . . .     Faith    +   g - +0 buckler
rNeg     . . .     Spirit   .   K - +0 plate armour
rPois    .         Reflect  .   J - +2 hat {Int+3}
rElec    .         Harm     +   D - scarf {harm}
rCorr    .         Rampage  .   (no gloves)
Will     +....                  (no boots)
Stlth    ..........             o - amulet of faith
HPRegen  0.25/turn              t - ring of willpower
MPRegen  0.15/turn              u - +4 ring of evasion

@: about to teleport
A: change form in water, swift swim, stealthy swim, thin skeletal structure 1,
[deformed body], wild magic 1
a: Renounce Religion, Wall of Briars, Grow Ballistomycete, Overgrow


You were on level 1 of the Abyss.
You worshipped Fedhas.
Fedhas was greatly pleased with you.
You visited 1 branch of the dungeon, and saw 10 of its levels.
You visited the Abyss 1 time.

You collected 558 gold pieces.

Inventory:

Hand Weapons
 a - a +0 trident
 s - a +0 vorpal spear
 I - a +3 trident of venom (weapon)
Missiles
 H - 2 throwing nets (quivered)
Armour
 b - a +0 leather armour
 c - a +1 helmet
 g - a +0 buckler (worn)
 q - a +0 ring mail
 D - a scarf of harm (worn)
 J - a +2 hat of intelligence (worn)
 K - a +0 plate armour (worn)
 M - the +0 ring mail "Qedghaeff" {rPois rF++ rC- Dex+2}
   (You found it on level 9 of the Dungeon)

   It affects your dexterity (+2).
   It greatly protects you from fire.
   It makes you vulnerable to cold.
   It protects you from poison.
Jewellery
 k - a ring of see invisible
 n - a ring of fire
 o - an amulet of faith (around neck)
 t - a ring of willpower (left hand)
 u - a +4 ring of evasion (right hand)
 y - an amulet of guardian spirit
 G - an amulet of reflection {unknown}
 Q - a ring of poison resistance
Wands
 w - a wand of flame (11)
 z - a wand of iceblast (4)
 B - a wand of random effects (20)
 C - a wand of digging (7)
Scrolls
 e - 6 scrolls of enchant weapon
 f - 4 scrolls of magic mapping
 h - 3 scrolls of identify
 p - 2 scrolls of enchant armour
 x - 2 scrolls of immolation
 A - a scroll of amnesia
 E - 2 scrolls of random uselessness
 F - 2 scrolls of noise
 O - a scroll of fear {unknown}
Potions
 d - 2 potions of brilliance
 i - 3 potions of mutation
 j - 2 potions of attraction
 m - 2 potions of curing
 r - 2 potions of flight
 v - 2 potions of invisibility {unknown}
 L - a potion of lignification {unknown}
 N - a potion of cancellation
Miscellaneous
 P - a phial of floods (inert)


   Skills:
 + Level 9.7 Fighting
 - Level 14.0 Polearms
 - Level 2.0 Throwing
 * Level 2.8 Armour
 + Level 11.0 Dodging
 - Level 4.0 Shields
 * Level 8.9 Invocations


You had 10 spell levels left.
You didn't know any spells.
Your spell library contained the following spells:

 Spells                   Type           Power        Failure   Level
 Corona                   Hex            0%           100%        1
 Sting                    Tmut/Pois      0%           100%        1
 Ensorcelled Hibernation  Hex/Ice        0%           100%        2
 Poisonous Vapours        Pois/Air       0%           100%        2
 Confusing Touch          Hex            0%           100%        3
 Dazzling Flash           Conj/Hex       0%           100%        3
 Ignite Poison            Fire/Tmut/Pois 0%           100%        3
 Mephitic Cloud           Conj/Pois/Air  0%           100%        3
 Tukima's Dance           Hex            0%           100%        3
 Olgreb's Toxic Radiance  Pois           0%           100%        4


Dungeon Overview and Level Annotations

Branches:
Dungeon (10/15)            Temple (0/1) D:7            Lair (0/6) D:8
    Orc (0/2) D:9

Altars:
Cheibriados
Elyvilon
Fedhas
Gozag
Hepliaklqana
Makhleb
Nemelex Xobeh
Trog
Uskayaw
Vehumet
Wu Jian
Yredelemnul
Zin

Annotations:
D:10 Sonja


Innate Abilities, Weirdness & Mutations

You revert to your normal form in water.
You are very nimble and swift while swimming.
You are very stealthy in the water. (Stealth+)
You have a somewhat thin skeletal structure. (Dex +2, Stealth)
Your spells are a little harder to cast, but a little more powerful.
[Armour fits poorly on your strangely shaped body.]


Message History

The thrashing horror roars!
The thrashing horror tramples you.
You stumble backwards!
A wretched star comes into view.
The thrashing horror tramples you.
You stumble backwards!
The wretched star pulses with an eldritch light!
Your body twists and deforms.
Unknown command.
The thrashing horror barely misses you.
You block the thrashing horror's attack.
The thrashing horror tramples you!
* * * LOW HITPOINT WARNING * * *
You stumble backwards!
Okay, then.
Okay, then.
Okay, then.
Okay, then.
Aim the phial where?
Press: ? - help, Shift-Dir - straight line, f - thrashing horror
Aim: a thrashing horror The torrent of water hits the thrashing horror!
The thrashing horror is lightly damaged.
The wave splashes down.
Your legs become a tail as you dive into the water.
Floosh!
The thrashing horror tramples you.
* * * LOW HITPOINT WARNING * * *
You stumble backwards!
Unknown command.
Unknown command.
Unknown command.
Okay, then.
The thrashing horror barely misses you. x2
Found 63 gold pieces.
The thrashing horror tramples you.
* * * LOW HITPOINT WARNING * * *
You stumble backwards!
The wretched star glows turbulently.
The lance of force hits you!!
You die...
Fedhas appreciates your contribution to the ecosystem.

.....###.#.#.# .##.
.#...##..#...#####....
.#####................
.# #.♣.♣.≈........
.#######............#
. ..X....#≈........#
#####>#...≈..*...# #
#.... .§.§....#.#.###
#.####.#.#..X@.......
#. ###....###.#.... ..
#..#... .. # ###
#....### #$. #..... ##
....... ########


You could see a wretched star and a thrashing horror.

Vanquished Creatures
  Gastronok (D:9)
  Erolcha (D:9)
  Josephine (D:10)
  A two-headed ogre (D:10)
  The ghost of Diabellus the Digger, a novice GrEE of Vehumet (D:7)
  A gargoyle (D:9)
  Psyche (D:9)
  A troll (D:10)
  Sigmund (D:2)
  3 wraiths (D:10)
  7 yaks (D:9)
  A warg (D:9)
  A black bear (D:8)
  Duvessa (D:4)
  3 orc warriors
  3 sky beasts
  A necrophage (D:7)
  6 ogres
  2 centaurs
  2 kobold brigands
  2 phantoms
  6 bullfrogs
  A gnoll sergeant (D:8)
  A small abomination (Abyss:1)
  Dowan (D:4)
  3 scorpions
  A water moccasin skeleton (D:5)
  4 killer bees (D:8)
  5 wights (D:7)
  2 howler monkeys
  3 bullfrog zombies
  A gnoll shaman (D:8)
  3 hounds
  An iron imp (D:5)
  An orc priest (D:6)
  3 jellies
  2 human zombies (D:8)
  A bullfrog skeleton (D:5)
  Terence (D:2)
  2 iguanas
  3 human skeletons (D:8)
  6 orc wizards
  11 worker ants
  A hound zombie (D:9)
  A howler monkey zombie (D:5)
  14 gnolls
  9 adders
  A white imp (D:8)
  2 ufetubi
  2 oozes
  A worm (D:3)
  2 dart slugs (D:1)
  6 leopard geckos
  29 orcs
  10 bats
  7 giant cockroaches
  5 goblins
  13 hobgoblins
  2 jackals (D:3)
  11 quokkas
  2 ball pythons
  5 frilled lizards
  A jackal skeleton (D:8)
  24 kobolds
  A leopard gecko skeleton (D:6)
  An orc zombie (D:8)
  A quokka skeleton (D:8)
  9 rats
263 creatures vanquished.

Vanquished Creatures (collateral kills)
  An orc wizard (D:8)
  A worker ant zombie (D:8)
  A gnoll (D:8)
  An orc (D:8)
4 creatures vanquished.

Grand Total: 267 creatures vanquished

Notes
Turn   | Place    | Note
-------+----------+-------------------------------------------
     0 | D:1      | dickylongcocking the Merfolk Gladiator began the quest for
                  | the Orb.
     0 | D:1      | Reached XP level 1. HP: 16/16 MP: 1/1
   175 | D:1      | Reached XP level 2. HP: 23/23 MP: 2/2
   326 | D:1      | Reached skill level 5 in Polearms
   665 | D:1      | Reached skill level 1 in Shields
   665 | D:1      | Reached XP level 3. HP: 28/28 MP: 3/3
   879 | D:2      | Reached XP level 4. HP: 27/35 MP: 4/4
   881 | D:2      | Reached skill level 6 in Polearms
  1221 | D:2      | Noticed Sigmund
  1251 | D:2      | Killed Sigmund
  1252 | D:2      | Reached skill level 7 in Polearms
  1252 | D:2      | Reached XP level 5. HP: 17/42 MP: 5/5
  1252 | D:2      | Reached XP level 6. HP: 20/48 MP: 6/6
  1589 | D:2      | Found a faded altar of an unknown god.
  1590 | D:2      | Noticed Terence
  1603 | D:2      | Killed Terence
  1743 | D:2      | Found a glowing silver altar of Zin.
  2532 | D:3      | Reached skill level 8 in Polearms
  2880 | D:4      | Found a blossoming altar of Fedhas.
  2888 | D:4      | Became a worshipper of Fedhas Madash
  2979 | D:4      | Noticed Duvessa
  2979 | D:4      | Noticed Dowan
  3006 | D:4      | Killed Dowan
  3007 | D:4      | Reached XP level 7. HP: 48/55 MP: 7/7
  3011 | D:4      | Gained mutation: You have a somewhat thin skeletal
                  | structure. (Dex +2, Stealth) [potion of mutation]
  3011 | D:4      | Gained mutation: Your spells are a little harder to cast,
                  | but a little more powerful. [potion of mutation]
  3035 | D:4      | Killed Duvessa
  3604 | D:4      | Reached skill level 9 in Polearms
  3847 | D:4      | Reached skill level 5 in Dodging
  3963 | D:4      | Found a hazy altar of Hepliaklqana.
  3966 | D:4      | Found an opulent altar of Gozag.
  3969 | D:4      | Found a bloodstained altar of Trog.
  4070 | D:5      | Entered Level 5 of the Dungeon
  4125 | D:5      | Reached skill level 5 in Fighting
  4160 | D:5      | Reached XP level 8. HP: 40/62 MP: 8/8
  4520 | D:5      | Reached skill level 10 in Polearms
  4690 | D:5      | Reached * piety under Fedhas
  4789 | D:5      | Found a snail-covered altar of Cheibriados.
  5194 | D:5      | Found a burning altar of Makhleb.
  5194 | D:5      | Noticed a blizzard demon
  6580 | D:7      | Reached skill level 11 in Polearms
  6654 | D:7      | Found a staircase to the Ecumenical Temple.
  6720 | D:7      | Reached XP level 9. HP: 14/70 MP: 9/9
  7085 | D:7      | Reached ** piety under Fedhas
  7105 | D:7      | Found a runed translucent gate.
  7105 | D:7      | Found a runed translucent gate.
  7105 | D:7      | Found a runed translucent gate.
  7107 | D:7      | Noticed Diabellus's ghost (novice GrEE)
  7328 | D:7      | Reached skill level 12 in Polearms
  7407 | D:7      | Found a white marble altar of Elyvilon.
  7781 | D:7      | Killed Diabellus's ghost
  7782 | D:7      | Reached skill level 13 in Polearms
  8099 | D:8      | Reached skill level 1 in Invocations
  8375 | D:8      | Found a radiant altar of Vehumet.
  8449 | D:8      | Found a staircase to the Lair.
  8560 | D:8      | Reached XP level 10. HP: 72/80 MP: 11/11
  8656 | D:8      | Reached *** piety under Fedhas
  9021 | D:8      | Found a hide-covered altar of Uskayaw.
  9023 | D:8      | Found an ornate altar of the Wu Jian Council.
  9527 | D:9      | Noticed Erolcha
  9548 | D:9      | Killed Erolcha
  9549 | D:9      | Reached skill level 14 in Polearms
  9554 | D:9      | Found a staircase to the Orcish Mines.
  9672 | D:9      | Reached skill level 5 in Invocations
 10248 | D:9      | Found a sparkling altar of Nemelex Xobeh.
 10278 | D:9      | Noticed Gastronok
 10298 | D:9      | Killed Gastronok
 10298 | D:9      | Reached **** piety under Fedhas
 10299 | D:9      | Reached skill level 10 in Dodging
 10299 | D:9      | Reached XP level 11. HP: 89/89 MP: 14/16
 10458 | D:9      | Found an opulent altar of Gozag.
 10585 | D:9      | Found a basalt altar of Yredelemnul.
 10779 | D:9      | Got a warped ring mail
 10789 | D:9      | Identified the +0 ring mail "Qedghaeff" {rPois rF++ rC-
                  | Dex+2} (You found it on level 9 of the Dungeon)
 10898 | D:9      | Reached skill level 1 in Armour
 10988 | D:10     | Entered Level 10 of the Dungeon
 11144 | D:10     | Noticed Josephine
 11167 | D:10     | Killed Josephine
 11732 | D:10     | Noticed a two-headed ogre
 11739 | D:10     | Killed a two-headed ogre
 11909 | D:10     | Noticed Psyche
 12076 | D:9      | Killed Psyche
 12119 | D:10     | Noticed Sonja
 12123 | D:10     | Cast into level 1 of the Abyss (Sonja)
 12169 | Abyss:1  | Noticed a starcursed mass
 12218 | Abyss:1  | Found a corrupted altar of Lugonu.
 12411 | Abyss:1  | Noticed a shadow demon
 12411 | Abyss:1  | Noticed a thrashing horror
 12428 | Abyss:1  | Noticed a wretched star
 12433 | Abyss:1  | Killed from afar by a wretched star

Illustrated notes

Levels and vault maps discovered:
D:1:      lordsloth_arrival_two_stooges, layout_basic
D:2:      layout_loops_cross, nicolae_overflow_hidden_temple,
          chequers_ecumenical_altar_island, uniq_sigmund, uniq_terence
D:3:      minmay_wonky_spiral, layout_basic
D:4:      layout_cave_pools, nicolae_overflow_crystal_walls, minitemple,
          uniq_duvessa
D:5:      layout_rooms, slow_altar_1, makhleb_altar_promises_db
D:6:      layout_layer_cave
D:7:      layout_loops_ring, minmay_temple_entry_trees, gammafunk_ghost_split,
          basic_altar
D:8:      layout_loops_ring, chequers_temple_overflow_statue_of_worship,
          kennysheep_mini, lair_entry_dummy, nicolae_ossuary_entry_catacombs,
          hangedman_abyss_or_decor_slice, chequers_serial_rivers_small_b
D:9:      layout_roguey, yredelemnul_altar_generic,
          nemelex_xobeh_ov_fountains_minmay, david_orc_3, grunt_gozag_statues,
          uniq_erolcha, uniq_gastronok
D:10:     layout_rooms, grunt_decor_clamped, grunt_tough_drop, uniq_sonja,
          uniq_josephine, uniq_psyche
Abyss:1:  base: D:7, minivault_25

Skill      XL: |  1  2  3  4  5  6  7  8  9 10 11 |
---------------+----------------------------------+-----
Polearms       | 5 7 8 9 11 13 14 | 14.0
Shields        | 1 2 3 4 |  4.0
Fighting       | 3 4 5 6 7 9 |  9.7
Dodging        | 5 7 8 10 11 | 11.0
Invocations    | 2 7 8 |  8.9
Armour         | 2 |  2.8
Throwing       | |  2.0

Action                   |  1- 3 |  4- 6 |  7- 9 | 10-12 || total
-------------------------+-------+-------+-------+-------++-------
Melee: Spear             |    79 |   274 |   572 |    95 ||  1020
       Trident           |     1 |       |       |   317 ||   318
       Tailslap          |       |       |     2 |       ||     2
Throw: Throwing net      |     2 |     1 |       |       ||     3
Invok: Wall of Briars    |       |       |     1 |     3 ||     4
Evoke: Wand              |       |     3 |     8 |     9 ||    20
       Phial of floods   |       |       |       |     1 ||     1
  Use: Potion            |       |     2 |    13 |     6 ||    21
       Scroll            |       |       |    12 |     4 ||    16
 Stab: Sleeping          |     2 |       |    13 |     4 ||    19
       Paralysed         |       |     9 |    10 |       ||    19
       Distracted        |       |       |     1 |       ||     1
Armor: Leather armour    |     7 |       |       |       ||     7
       Ring mail         |     8 |    40 |    61 |    11 ||   120
       Plate armour      |       |       |       |    62 ||    62
Dodge: Dodged            |    33 |   104 |   194 |   113 ||   444
Block: Buckler           |     4 |    34 |    75 |    64 ||   177

Table legend: (Time is in decaauts)
 A = Elapsed time spent in this place.
 B = Non-inter-level travel time spent in this place.
 C = Inter-level travel time spent in this place.
 D = Time resting spent in this place.
 E = Time spent auto-exploring this place.
 F = Levels seen in this place.
 G = Mean time per level.
                   A        B        C        D        E       F      G
               +--------+--------+--------+--------+--------+-----+--------+
         Total |  11922 |  11479 |    443 |   1802 |   7684 |  11 | 1083.8 |
       Dungeon |  11631 |  11188 |    443 |   1664 |   7640 |  10 | 1163.1 |
         Abyss |    290 |    290 |      0 |    138 |     44 |   1 |  290.0 |
               +--------+--------+--------+--------+--------+-----+--------+

Top non-repeatable levels by time:
     D:9: 1805 daAuts
     D:8: 1479 daAuts
     D:7: 1390 daAuts
     D:6: 1210 daAuts
     D:4: 1171 daAuts
     D:2: 1130 daAuts
     D:5: 1091 daAuts
     D:3: 895 daAuts
     D:1: 757 daAuts
    D:10: 699 daAuts
 Abyss:1: 290 daAuts
